 Dungeon Crawl Stone Soup version 0.30-a0-415-g685d318daa (webtiles) character file.

Game seed: 5369322374537320392

62 Bnni the Shield-Bearer (level 3, 0/29 HPs)
             Began as a Demonspawn Fighter on Dec 8, 2022.
             Slain by an iguana (1 damage)
             ... on level 4 of the Dungeon.
             The game lasted 00:02:21 (1197 turns).

Bnni the Shield-Bearer (Demonspawn Fighter)         Turns: 1197, Time: 00:02:22

Health: 0/29       AC:  8    Str: 18    XL:     3   Next: 85%
Magic:  3/3        EV:  6    Int:  9    God:
Gold:   101        SH:  4    Dex: 12    Spells: 2/2 levels left

rFire   + . .      SeeInvis .    a - +0 trident
rCold   . . .      Faith    .    c - +0 buckler
rNeg    . . .      Spirit   .    f - +0 chain mail
rPois   .          Reflect  .    (no helmet)
rElec   .          Harm     .    (no cloak)
rCorr   .          Rampage  .    (no gloves)
Will    .....                    (no boots)
Stlth   ..........               (no amulet)
HPRegen 0.24/turn                o - ring of protection from fire
MPRegen 0.08/turn                (no ring)

@: no status effects
A: hooves 1
a: no special abilities


You were on level 4 of the Dungeon.
You visited 1 branch of the dungeon, and saw 3 of its levels.

You collected 101 gold pieces.

Inventory:

Hand Weapons
 a - a +0 trident (weapon)
Armour
 c - a +0 buckler (worn)
 f - a +0 chain mail (worn)
Jewellery
 o - a ring of protection from fire (left hand)
Scrolls
 b - a scroll of brand weapon {unknown}
 e - 3 scrolls of noise {unknown}
 g - a scroll of enchant weapon {unknown}
 i - a scroll of identify {unknown}
 m - a scroll of poison {unknown}
 n - a scroll of teleportation {unknown}
 p - a scroll of magic mapping {unknown}
Potions
 d - a potion of might
 h - 2 potions of curing {unknown}
 j - a potion of magic {unknown}
 k - a potion of mutation {unknown}
 l - a potion of brilliance {unknown}


   Skills:
 + Level 3.3 Fighting
 * Level 2.8 Polearms
 - Level 2.6 Armour
 * Level 3.4 Shields


You had 2 spell levels left.
You didn't know any spells.
Your spell library was empty.

Dungeon Overview and Level Annotations

Branches:
Dungeon (4/15)
 Temple: D:4-7

Altars:

Shops:
D:2 =


Innate Abilities, Weirdness & Mutations

You have large cloven feet.


Message History

You fall into a shaft and drop 2 floors!
The shaft crumbles and collapses.
Found 22 gold pieces and a green potion.
Found a stone staircase leading up.
An iguana comes into view.
The iguana hisses angrily.
There is a stone staircase leading up here.
You reach to attack!
You closely miss the iguana. You hit the iguana but do no damage.
The iguana bites you but does no damage.
You hit the iguana.
The iguana is moderately wounded.
The iguana bites you!
You hit the iguana.
The iguana is heavily wounded.
The iguana barely misses you.
You hit the iguana but do no damage.
The iguana is heavily wounded.
The iguana barely misses you.
The iguana bites you but does no damage.
You closely miss the iguana. You kick the iguana.
The iguana is severely wounded.
The iguana bites you but does no damage.
You barely miss the iguana. You kick the iguana, but do no damage.
The iguana is severely wounded.
You block the iguana's attack.
You barely miss the iguana.
The iguana is severely wounded.
The iguana bites you.
You closely miss the iguana.
The iguana is severely wounded.
The iguana bites you!
* * * LOW HITPOINT WARNING * * *
The iguana bites you!
* * * LOW HITPOINT WARNING * * *
You are too injured to fight recklessly!
You hit the iguana. Your kick misses the iguana.
The iguana is severely wounded.
The iguana bites you.
You die...

#.#####..
#.#.....##
#!.......##
#.........#
#.........#
#.........#..
#.....$.....#
#....@l....#
#.##......$...#
#.............#
#....#..........#
#.## ####+++#####
#


You could see an iguana.

Vanquished Creatures
  An adder (D:2)
  A worm (D:2)
  2 dart slugs
  3 ball pythons
  7 endoplasms
  3 giant cockroaches (D:1)
  7 goblins
  5 hobgoblins
  4 kobolds (D:1)
  4 bats
  3 rats
40 creatures vanquished.

Notes
Turn   | Place    | Note
-------+----------+-------------------------------------------
     0 | D:1      | Bnni the Demonspawn Fighter began the quest for the Orb.
     0 | D:1      | Reached XP level 1. HP: 18/18 MP: 1/1
   106 | D:1      | Gained mutation: You have large cloven feet. [demonic
                  | ancestry]
   106 | D:1      | Reached XP level 2. HP: 24/24 MP: 2/2
   607 | D:1      | Reached XP level 3. HP: 29/29 MP: 3/3
  1059 | D:2      | Found Tigo's Jewellery Emporium.
  1183 | D:2      | You fall into a shaft and drop 2 floors!
  1196 | D:4      | HP: 1/29 [iguana (7)]
  1197 | D:4      | Slain by an iguana

Illustrated notes

Levels and vault maps discovered:
D:1:      lightli_arrival_chessboard, layout_loops_ring, serial_bayou,
          serial_bayou_pond_d, serial_bayou_shore_b, serial_bayou_pond_e,
          serial_bayou_ford_a
D:2:      layout_loops_ring, serial_forest, infiniplex_forest_straight_3,
          infiniplex_forest_clump_double, infiniplex_forest_straight_4,
          infiniplex_forest_join, serial_shops,
          nicolae_shop_temple_entry_statues_fountains, minmay_pentomino_z4,
          uniq_crazy_yiuf_cottage
D:4:      cheibrodos_fertilizer, layout_rooms, minmay_temple_entry_purple_smoke,
          columned_hall_lemuel, abandoned_shop, minmay_misc_feat_chi

Skill      XL: |  1  2 |
---------------+-------+-----
Polearms       | 2 |  2.8
Shields        | 3 |  3.4
Fighting       | |  3.3
Armour         | |  2.6

Action                   || total
-------------------------++-------
Melee: Trident           ||   142
       Kick              ||    20
Armor: Scale mail        ||     5
       Chain mail        ||    40
Dodge: Dodged            ||    30
Block: Buckler           ||    27

Table legend: (Time is in decaauts)
 A = Elapsed time spent in this place.
 B = Non-inter-level travel time spent in this place.
 C = Inter-level travel time spent in this place.
 D = Time resting spent in this place.
 E = Time spent auto-exploring this place.
 F = Levels seen in this place.
 G = Mean time per level.
                   A        B        C        D        E       F      G
               +--------+--------+--------+--------+--------+-----+--------+
         Total |   1243 |   1210 |     33 |      0 |    922 |   3 |  414.3 |
       Dungeon |   1243 |   1210 |     33 |      0 |    922 |   3 |  414.3 |
               +--------+--------+--------+--------+--------+-----+--------+

Top non-repeatable levels by time:
     D:1: 782 daAuts
     D:2: 445 daAuts
     D:4: 15 daAuts
